 Dungeon Crawl Stone Soup version 0.17-a0-2220-g6fea741 (webtiles) character file.

10948 mrath the Thaumaturge (level 11, -8/62 HPs)
             Began as a Gargoyle Earth Elementalist on Oct 28, 2015.
             Was a Believer of Vehumet.
             Mangled by a red ugly thing (17 damage)
             ... on level 10 of the Dungeon.
             The game lasted 03:09:12 (19367 turns).

mrath the Thaumaturge (GrEE)                       Turns: 19367, Time: 03:09:12

Health: -8/62      AC: 15    Str: 12    XL:     11   Next: 70%
Magic:  14/25      EV: 16    Int: 19    God:    Vehumet [**....]
Gold:   775        SH:  0    Dex: 10    Spells: 8 memorised, 10 levels left

rFire  . . .     SeeInvis +     M - 153 stones
rCold  . . .     Clarity  .     b - +0 robe
rNeg   + . .     SustAt   .     (no shield)
rPois  ∞         Gourm    .     o - +0 helmet
rElec  +         Spirit   .     (no cloak)
rCorr  .         Warding  .     (no gloves)
rMut   .         Stasis   .     I - +0 pair of boots
MR     .....                    (no amulet)
Stlth  ++........               E - ring of see invisible
                                N - +3 ring of evasion

@: stone skin, repel missiles, not resistant to hostile enchantments, unstealthy
A: negative energy resistance 1, electricity resistance, unbreathing,
petrification resistance, rot immunity, AC +7
a: Renounce Religion


You were on level 10 of the Dungeon.
You worshipped Vehumet.
Vehumet was pleased with you.
You were hungry.

You visited 2 branches of the dungeon, and saw 12 of its levels.

You collected 905 gold pieces.
You spent 130 gold pieces at shops.

Inventory:

Hand Weapons
 a - a cursed -3 battleaxe
 r - a +2 hunting sling of flaming
 L - the +7 spear of Strategic Superiority {flame, +Inv +Fly rN+ Int+2}
   (You found it on level 7 of the Dungeon)

   It has been specially enchanted to burn those struck by it, causing extra
   injury to most foes and up to half again as much damage against particularly
   susceptible opponents.
   It affects your intelligence (+2).
   It protects you from negative energy.
   It lets you turn invisible.
   It lets you fly.
 O - a +2 flail of holy wrath
Missiles
 f - 2 tomahawks
 m - 7 javelins of penetration
 z - 102 sling bullets
 J - 5 javelins (quivered)
 M - 153 stones (in hand)
Armour
 b - a +0 robe (worn)
 e - a troll hide
 o - a +0 helmet (worn)
 I - a +0 pair of boots (worn)
Magical Staves
 S - an uncursed staff of energy
Jewellery
 h - an uncursed ring of flight
 i - an uncursed ring of sustain attributes
 E - a ring of see invisible (right hand)
 N - a +3 ring of evasion (left hand)
Wands
 q - a wand of frost (6)
 s - a wand of magic darts (0)
 v - a wand of confusion (23)
 F - a wand of frost (43)
Scrolls
 k - a scroll of noise {unknown}
 n - 2 scrolls of magic mapping
 t - 4 scrolls of teleportation
 w - a scroll of recharging {unknown}
 y - 4 scrolls of remove curse
 H - 5 scrolls of identify
 K - a scroll of fog {unknown}
 Q - a scroll of brand weapon {unknown}
Potions
 j - a potion of ambrosia {unknown}
 l - 5 potions of heal wounds
 p - 2 potions of brilliance
 B - 2 potions of haste
 C - a potion of cure mutation {unknown}
 P - 5 potions of curing
Books
 c - a book of Geomancy

   Spells                             Type                      Level
   a - Sandblast                      Earth                        1
   b - Stoneskin                      Transmutation/Earth          2
   c - Passwall                       Transmutation/Earth          3
   d - Stone Arrow                    Conjuration/Earth            3
   e - Petrify                        Transmutation/Earth          4
   f - Lee's Rapid Deconstruction     Earth                        5
 g - a book of Minor Magic

   Spells                             Type                      Level
   a - Magic Dart                     Conjuration                  1
   b - Blink                          Translocation                2
   c - Call Imp                       Summoning                    2
   d - Repel Missiles                 Charms/Air                   2
   e - Slow                           Hexes                        2
   f - Conjure Flame                  Conjuration/Fire             3
   g - Mephitic Cloud                 Conjuration/Poison/Air       3
Miscellaneous
 x - a plain deck of destruction
Comestibles
 d - 7 bread rations
 u - 5 chunks of flesh
 A - 3 fruits
 D - 2 meat rations
 G - 9 slices of pizza


   Skills:
 + Level 4.5 Fighting
 - Level 1.2 Maces & Flails
 + Level 3.6 Polearms
 + Level 5.1 Armour
 + Level 4.3 Dodging
 - Level 2.1 Stealth
 * Level 10.2 Spellcasting
 + Level 7.3 Conjurations
 - Level 0.7 Transmutations
 + Level 9.7 Earth Magic
 + Level 4.2 Evocations


You had 10 spell levels left.
You knew the following spells:

 Your Spells              Type           Power        Failure   Level  Hunger
a - Sandblast             Erth           #####.       1%          1    None
b - Stoneskin             Trmt/Erth      ####....     1%          2    None
c - Stone Arrow           Conj/Erth      #####.       1%          3    None
d - Lee's Rapid Deconstr  Erth           #####.....   4%          5    #####..
e - Conjure Flame         Conj/Fire      ###.....     6%          3    None
f - Mephitic Cloud        Conj/Pois/Air  ###.....     10%         3    None
g - Repel Missiles        Chrm/Air       #.....       12%         2    None
h - Magic Dart            Conj           ####         1%          1    None


Dungeon Overview and Level Annotations

Branches:
Dungeon (11/15)            Temple (1/1) D:4
   Lair: D:8-11         Orc: D:9-12

Altars:
Ashenzari
Cheibriados
Dithmenos
Elyvilon
Fedhas
Gozag
Kikubaaqudgha
Makhleb
Nemelex Xobeh
Okawaru
Qazlal
Ru
Sif Muna
Trog
Vehumet
Xom
Yredelemnul
Zin
The Shining One

Shops:
D:4 [((%?


Innate Abilities, Weirdness & Mutations

You are resistant to torment.
Your stone body is resilient (AC +7).
You are immune to poison.
You resist negative energy.
You are resistant to electric shocks.
You can survive without breathing.
You are immune to petrification.
You are immune to rotting.


Message History

Casting: Sandblast
Confirm with . or Enter, or press ? or * to list all spells.
Aiming: Sandblast
Press: ? - help, Shift-Dir - straight line, f/p - red ugly thing
Aim: a red ugly thing (moderately wounded)
The rocky blast hits the red ugly thing.
The red ugly thing is heavily wounded.
The red ugly thing engulfs you!
You are engulfed in flames!
* * * LOW HITPOINT WARNING * * *
Casting: Sandblast
Confirm with . or Enter, or press ? or * to list all spells.
Aiming: Sandblast
Press: ? - help, Shift-Dir - straight line, f/p - red ugly thing
Aim: a red ugly thing (heavily wounded)
The rocky blast hits the red ugly thing.
The red ugly thing is severely wounded.
The red ugly thing engulfs you!
* * * LOW HITPOINT WARNING * * *
You are engulfed in flames!
You die...

.......# ##)###.# .....#.#
###.##.# .....#.# ###.##.########
#§'..#........###################
###..#...........................
#####..........@################
##..)###'#####.#u#..#..........#
....## #.# #.#.#..#.########.#
....# #.# #.#.#......[......#
....####'#####'#.##.#.###########
....##..........))..#............
....##...........################
<....'........[.['...........#
....##...........###########.#


You could see a red ugly thing.

Vanquished Creatures
  An unseen horror (D:6)
  Pikel (D:4)
  2 hill giants
  A two-headed ogre (D:10)
  Prince Ribbit (D:6)
  Edmund (D:5)
  A troll (D:9)
  A trapdoor spider zombie (D:8)
  A slime creature (D:6)
  A spriggan (D:10)
  6 yaks
  A deep elf mage (D:11)
  Eustachio (D:6)
  2 hippogriffs
  A mottled dragon (D:6)
  A water moccasin (D:11)
  Duvessa (D:5)
  2 black bears
  3 orc warriors
  8 centaurs
  3 sky beasts
  7 ogres
  4 ice beasts
  A gnoll sergeant (D:9)
  A brain worm (D:6)
  8 giant frogs
  Dowan (D:5)
  5 scorpions
  A water moccasin skeleton (D:5)
  14 killer bees
  4 wights
  A giant frog zombie (D:7)
  6 crimson imps
  8 jellies
  5 orc priests
  2 centaur zombies
  4 hounds
  A giant frog skeleton (D:6)
  12 orc wizards
  A centaur skeleton (D:6)
  8 iguanas
  12 worker ants
  A killer bee zombie (D:6)
  2 hound skeletons
  A mummy (D:8)
  18 adders
  6 gnolls
  3 oozes
  An adder zombie (D:7)
  2 worms (D:3)
  2 adder skeletons (D:6)
  5 giant geckos
  28 orcs
  4 ball pythons
  6 giant cockroaches
  9 goblins
  5 hobgoblins
  14 jackals
  8 bats
  A giant gecko zombie (D:5)
  4 giant newts
  A jackal zombie (D:6)
  A kobold (D:1)
  3 rats
271 creatures vanquished.

Vanquished Creatures (collateral kills)
  A killer bee (D:9)
1 creature vanquished.

Vanquished Creatures (others)
  2 slaves (D:5)
  An ogre (D:5)
  A worker ant (D:5)
  2 orcs (D:5)
  A jackal (D:5)
  A quokka (D:5)
8 creatures vanquished.

Grand Total: 280 creatures vanquished

Notes
Turn   | Place    | Note
--------------------------------------------------------------
     0 | D:1      | mrath the Gargoyle Earth Elementalist began the quest for the Orb.
     0 | D:1      | Reached XP level 1. HP: 10/10 MP: 3/3
   102 | D:1      | Reached XP level 2. HP: 10/15 MP: 0/5
   700 | D:1      | Reached skill level 4 in Earth Magic
   762 | D:1      | Reached XP level 3. HP: 19/19 MP: 4/7
  1020 | D:1      | Learned a level 2 spell: Stoneskin
  1024 | D:1      | Learned a level 3 spell: Stone Arrow
  1270 | D:1      | Reached XP level 4. HP: 24/24 MP: 7/9
  1584 | D:2      | Found a faded altar to an unknown god.
  2575 | D:3      | Reached XP level 5. HP: 28/28 MP: 7/11
  3453 | D:3      | Reached skill level 5 in Earth Magic
  3941 | D:4      | Found Ykid's Weapon Shop.
  4103 | D:4      | Found Yheomil's Magic Scroll Emporium.
  4108 | D:4      | Found Suerios's Weapon Boutique.
  4113 | D:4      | Bought a scroll of identify for 28 gold pieces
  4121 | D:4      | Reached XP level 6. HP: 32/32 MP: 1/13
  4283 | D:4      | Found Peylem's Armour Emporium.
  4949 | D:3      | Reached skill level 5 in Spellcasting
  5345 | D:4      | Reached skill level 1 in Conjurations
  5355 | D:4      | Reached XP level 7. HP: 36/36 MP: 7/15
  5359 | D:4      | Reached skill level 6 in Earth Magic
  5569 | D:4      | Found a staircase to the Ecumenical Temple.
  5575 | Temple   | Entered the Ecumenical Temple
  5815 | D:4      | Bought a scroll of identify for 28 gold pieces
  5850 | D:4      | Found Lemido's Food Shop.
  5873 | D:4      | Learned a level 5 spell: Lee's Rapid Deconstruction
  5875 | D:5      | Entered Level 5 of the Dungeon
  6015 | D:5      | Noticed Pikel
  6054 | D:4      | Killed Pikel
  6054 | D:4      | Reached skill level 7 in Earth Magic
  6054 | D:4      | Reached XP level 8. HP: 35/41 MP: 6/18
  6742 | D:5      | Found an iron altar of Okawaru.
  6799 | D:5      | Noticed Duvessa
  6799 | D:5      | Noticed Dowan
  6986 | D:5      | Killed Duvessa
  6990 | D:5      | Killed Dowan
  7098 | D:5      | Found a white marble altar of Elyvilon.
  7411 | D:4      | Bought 21 stones for 27 gold pieces
  7411 | D:4      | Bought 22 stones for 28 gold pieces
  7411 | D:4      | Bought 15 stones for 19 gold pieces
  7452 | D:5      | Noticed Edmund
  7457 | D:5      | Killed Edmund
  7457 | D:5      | Reached XP level 9. HP: 45/45 MP: 14/20
  7652 | D:6      | Noticed Prince Ribbit
  7788 | D:6      | Reached skill level 5 in Conjurations
  7788 | D:6      | Reached skill level 8 in Earth Magic
  7968 | D:6      | Found a snail-covered altar of Cheibriados.
  7971 | D:6      | Found a stormy altar of Qazlal.
  7974 | D:6      | Found a basalt altar of Yredelemnul.
  7976 | D:6      | Found an ancient bone altar of Kikubaaqudgha.
  7977 | D:6      | Found a glowing golden altar of the Shining One.
  7977 | D:6      | Found a shattered altar of Ashenzari.
  7977 | D:6      | Found a blossoming altar of Fedhas.
  7978 | D:6      | Found a bloodstained altar of Trog.
  7986 | D:6      | Found a deep blue altar of Sif Muna.
  8197 | D:6      | Killed Prince Ribbit
  8197 | D:6      | Reached skill level 1 in Armour
  8371 | D:6      | Reached skill level 1 in Fighting
  8483 | D:6      | Reached skill level 1 in Evocations
  8798 | D:6      | Reached skill level 1 in Maces & Flails
  9671 | D:7      | Got a faintly glowing spear
  9672 | D:7      | Identified the +7 spear of Strategic Superiority {flame, +Inv +Fly rN+ Int+2} (You found it on level 7 of the Dungeon)
  9987 | D:6      | Noticed Eustachio
 10018 | D:6      | Killed Eustachio
 10109 | D:6      | Noticed a hill giant
 10640 | D:6      | Reached skill level 1 in Polearms
 10669 | D:6      | Reached XP level 10. HP: 51/53 MP: 17/22
 10867 | D:6      | Noticed an unseen horror
 10897 | D:6      | Killed an unseen horror
 10897 | D:6      | Reached skill level 9 in Spellcasting
 11850 | D:7      | Killed a hill giant
 13096 | D:8      | Found a snail-covered altar of Cheibriados.
 13269 | D:8      | Upgraded the game from 0.17-a0-2215-g49c1de0 to 0.17-a0-2220-g6fea741
 13424 | Temple   | Learned a level 3 spell: Conjure Flame
 13428 | Temple   | Learned a level 3 spell: Mephitic Cloud
 13431 | Temple   | Learned a level 2 spell: Repel Missiles
 13433 | Temple   | Learned a level 1 spell: Magic Dart
 13633 | D:9      | Got a steaming ring mail
 13662 | D:8      | Identified the cursed +1 ring mail of Paranoia {Str+2} (You found it on level 9 of the Dungeon)
 15129 | D:8      | Reached XP level 11. HP: 46/60 MP: 20/24
 15508 | D:9      | Found a radiant altar of Vehumet.
 15508 | D:9      | Found a burning altar of Makhleb.
 15535 | D:9      | Became a worshipper of Vehumet
 15800 | D:9      | Found a radiant altar of Vehumet.
 16764 | D:9      | Reached * piety under Vehumet
 16764 | D:9      | Offered knowledge of Freeze by Vehumet.
 16856 | D:10     | Entered Level 10 of the Dungeon
 17476 | D:10     | Noticed a hill giant
 17674 | D:10     | Killed a hill giant
 17674 | D:10     | Reached skill level 10 in Spellcasting
 18535 | D:10     | Reached skill level 5 in Armour
 19125 | D:10     | Offered knowledge of Throw Flame by Vehumet.
 19183 | D:11     | Reached ** piety under Vehumet
 19367 | D:10     | Mangled by a red ugly thing

Vault maps used:
D:1:      tarquinn_simple_flora_water_a
D:2:      ecumenical_altar_1, first_bread
D:3:      minmay_tree_intersection
D:4:      minmay_temple_entry_fiery, serial_shops, kennysheep_mini, shop, shop,
          nicolae_shop_crystal, shop_statue, nrook_loot_triangle,
          kennysheep_another_room, kennysheep_generic_room_13
D:5:      elyvilon_altar_4, okawaru_gym_becter, minivault_19,
          supply_closet_lemuel, grunt_ministairs_3, minmay_item_behind_shaft,
          uniq_edmund, uniq_pikel, uniq_duvessa
D:6:      minmay_klotski, minitemple, grunt_tough_drop, uniq_prince_ribbit1,
          uniq_eustachio
D:7:      eino_jars
D:8:      chei_slow_surprise
D:9:      grunt_temple_overflow_lords_of_destruction, lemuel_centaur_altar
D:10:     grunt_pizzeria, minmay_orc_keep
D:11:     david_lair_shrubbed, special_room
Temple:   hc_temple_tempest_star_small

Action                   |  1- 3 |  4- 6 |  7- 9 | 10-12 || total
-------------------------+-------+-------+-------+-------++-------
Melee: Short sword       |     5 |     6 |       |       ||    11
       Mace              |       |    12 |       |       ||    12
       Flail             |       |       |    39 |    10 ||    49
       Spear             |       |       |    32 |    76 ||   108
       Hunting sling     |       |       |       |     1 ||     1
 Fire: Hunting sling     |       |       |     9 |    19 ||    28
Throw: Javelin           |       |       |     2 |     1 ||     3
 Cast: Sandblast         |    35 |   117 |   161 |   158 ||   471
       Stone Arrow       |       |     4 |    12 |    92 ||   108
       Stoneskin         |       |    10 |    17 |    72 ||    99
       Magic Dart        |       |       |       |    70 ||    70
       Mephitic Cloud    |       |       |       |    15 ||    15
       Repel Missiles    |       |       |       |     4 ||     4
  Use: Scroll            |       |       |     7 |    10 ||    17
       Potion            |       |       |     3 |       ||     3
  Eat: Chunk             |     1 |    10 |     2 |     9 ||    22
       Fruit             |       |     1 |       |       ||     1
       Bread ration      |       |     1 |     2 |     3 ||     6
       Beef jerky        |       |     1 |       |     1 ||     2
       Royal jelly       |       |       |     1 |     1 ||     2
